 Dungeon Crawl Stone Soup version 0.27.1-1-g398f81649c (webtiles) character file.

Game seed: 8419035850834998924

235 H0rd4k the Insei (level 6, -1/38 HPs)
             Began as an Octopode Transmuter on Sept 9, 2021.
             Slain by an orc (7 damage)
             ... on level 5 of the Dungeon.
             The game lasted 00:03:11 (4183 turns).

H0rd4k the Insei (Octopode Transmuter)              Turns: 4183, Time: 00:03:12

Health: -1/38      AC:  1    Str:  9    XL:     6   Next: 6%
Magic:  10/10      EV: 13    Int: 17    God:
Gold:   195        SH:  0    Dex: 13    Spells: 7/11 levels left

rFire    . . .     SeeInvis .     - Unarmed
rCold    . . .     Faith    .   (no shield)
rNeg     . . .     Spirit   .   (helmet restricted)
rPois    .         Reflect  .   (no amulet)
rElec    .         Harm     .   (no ring)
rCorr    .         Rampage  .   (no ring)
Will     .....                  (no ring)
Stlth    ++........             (no ring)
HPRegen  0.12/turn              (no ring)
MPRegen  0.12/turn              (no ring)
                                (no ring)
                                (no ring)

@: no status effects
A: almost no armour, amphibious, 8 rings, camouflage 1, gelatinous body 1,
(nimble swimmer 1), tentacles
a: no special abilities


You were on level 5 of the Dungeon.
You visited 1 branch of the dungeon, and saw 5 of its levels.

You collected 195 gold pieces.

Inventory:

Scrolls
 a - 2 scrolls of identify {unknown}
 b - 2 scrolls of brand weapon {unknown}
 d - 2 scrolls of amnesia {unknown}
 i - 2 scrolls of blinking {unknown}
 j - a scroll of fog {unknown}
Potions
 c - 2 potions of might
 e - a potion of degeneration {unknown}
 f - a potion of ambrosia {unknown}
 g - a potion of lignification {unknown}
 h - a potion of curing {unknown}


   Skills:
 + Level 1.3 Fighting
 + Level 2.6 Dodging
 + Level 4.7 Unarmed Combat
 * Level 3.1 Spellcasting
 * Level 2.8 Transmutations
 * Level 2.0 Poison Magic


You had 7 spell levels left.
You knew the following spells:

 Your Spells              Type           Power      Damage    Failure   Level
a - Beastly Appendage     Tmut           24%        N/A       5%          1
b - Spider Form           Tmut/Pois      5%         N/A       19%         3

Your spell library contained the following spells:

 Spells                   Type           Power      Damage    Failure   Level
 Wereblood                Tmut           12%        N/A       9%          2
 Animate Skeleton         Necr           4%         N/A       17%         1
 Pain                     Necr           8%         1d4       17%         1
 Blink                    Tloc           N/A        N/A       26%         2
 Lesser Beckoning         Tloc           1%         N/A       45%         3
 Vampiric Draining        Necr           1%         2d6       45%         3
 Ice Form                 Ice/Tmut       7%         N/A       67%         4
 Manifold Assault         Tloc           2%         N/A       99%         5


Dungeon Overview and Level Annotations

Branches:
Dungeon (5/15)
 Temple: D:4-7

Altars:
Dithmenos

Shops:
D:2 [

Annotations:
D:5 exclusion: upstairs


Innate Abilities, Weirdness & Mutations

You cannot wear most types of armour.
You are amphibious.
You can wear up to eight rings at the same time.
Your skin changes colour to match your surroundings (Stealth+).
Your rubbery body absorbs attacks. (AC +1, EV +1)
((You are camouflaged near water. (Stealth+)))
You have tentacles for arms and can constrict up to eight enemies at once.


Message History

The orc hits you with a +0 falchion! The orc closely misses you.
You are too injured to fight recklessly!
You are too injured to fight recklessly!
You are too injured to fight recklessly!
You are too injured to fight recklessly!
You are too injured to fight recklessly!
You are too injured to fight recklessly!
You are too injured to fight recklessly!
You are too injured to fight recklessly!
You are too injured to fight recklessly!
You are too injured to fight recklessly!
You are too injured to fight recklessly!
You are too injured to fight recklessly!
You are too injured to fight recklessly!
You are too injured to fight recklessly!
You release your grip on the orc.
The orc closely misses you. The orc hits you but does no damage.
You closely miss the orc. You grab the orc.
The orc is moderately wounded.
You constrict the orc, but do no damage.
The orc hits you with a +0 mace!
You tentacle-slap the orc but do no damage.
The orc is moderately wounded.
You constrict the orc, but do no damage.
The orc hits you with a +0 mace.
* * * LOW HITPOINT WARNING * * *
You tentacle-slap the orc.
The orc is heavily wounded.
You constrict the orc, but do no damage.
The orc misses you.
You tentacle-slap the orc.
You kill the orc!
The orc hits you with a +0 mace.
* * * LOW HITPOINT WARNING * * *
Things that are here:
a +0 mace; a +0 ring mail; an orc corpse You closely miss the orc.
You grab the orc. You constrict the orc. The orc hits you with a +0 mace!
You die...

#...###.#####.#. #
#.>...........#.
#..#######.#.###.####..#.
#........#.#.###..# #..#.
.......)..........# #..#.
#.######o#.#.###..# ##.#
#.....# #..# #.#
########.#.# #..# #..
#.....@oo#.# #..# #..
#.########.. ...#
#[##...# ... ....


You could see 2 orcs.

Vanquished Creatures
  A scorpion (D:4)
  2 gnolls (D:4)
  6 adders
  An ufetubus (D:3)
  3 dart slugs
  3 orcs
  7 ball pythons
  6 endoplasms
  2 giant cockroaches
  6 goblins
  7 hobgoblins
  10 jackals
  4 quokkas (D:1)
  5 bats
  9 kobolds
  3 rats
75 creatures vanquished.

Notes
Turn   | Place    | Note
-------+----------+-------------------------------------------
     0 | D:1      | H0rd4k the Octopode Transmuter began the quest for the Orb.
     0 | D:1      | Reached XP level 1. HP: 13/13 MP: 3/3
    37 | D:1      | Reached XP level 2. HP: 7/18 MP: 5/5
   523 | D:1      | Reached XP level 3. HP: 19/23 MP: 6/6
   535 | D:1      | Learned a level 3 spell: Spider Form
   584 | D:1      | Found a faded altar of an unknown god.
  1375 | D:2      | Reached skill level 4 in Unarmed Combat
  1375 | D:2      | Reached XP level 4. HP: 6/28 MP: 7/7
  1892 | D:2      | Found Lismurel's Armour Shoppe.
  2618 | D:3      | Reached skill level 1 in Poison Magic
  2898 | D:3      | Reached XP level 5. HP: 33/33 MP: 9/9
  3271 | D:3      | Found a shadowy altar of Dithmenos.
  3890 | D:4      | Reached XP level 6. HP: 16/38 MP: 1/10
  3929 | D:5      | Entered Level 5 of the Dungeon
  4183 | D:5      | Slain by an orc

Illustrated notes

Levels and vault maps discovered:
D:1:      dpeg_arrival_castle, layout_loops_ring,
          chequers_ecumenical_altar_island, st_stairs_3, minmay_fountain_box,
          ebering_dispersal_statue_hall
D:2:      layout_loops_ring, serial_shops, shop, st_stairs_12
D:3:      layout_loops_cross, nicolae_dithmenos_through_a_glass_darkly
D:4:      layout_loops_cross, nicolae_hepliaklqana_monster_ancestors, uniq_robin
D:5:      layout_basic, hangedman_decor_growths, uniq_crazy_yiuf_cottage,
          uniq_prince_ribbit1

Skill      XL: |  1  2  3  4  5 |
---------------+----------------+-----
Unarmed Combat | 4 |  4.7
Poison Magic   | 1 2 |  2.0
Spellcasting   | 3 |  3.1
Fighting       | |  1.3
Dodging        | |  2.6
Transmutations | |  2.8

Action                   |  1- 3 |  4- 6 || total
-------------------------+-------+-------++-------
Melee: Unarmed           |    95 |    89 ||   184
       Constrict         |    25 |    18 ||    43
       Tentacles         |    19 |    10 ||    29
       Punch             |     2 |     1 ||     3
 Cast: Spider Form       |       |     8 ||     8
  Use: Potion            |       |     3 ||     3
 Stab: Sleeping          |     2 |     8 ||    10
Armor: Skin              |     9 |     4 ||    13
Dodge: Dodged            |    76 |    61 ||   137
